 Dungeon Crawl Stone Soup version 0.30.1 (webtiles) character file.

Game seed: 15120416121267394323

15330 Destapler the Cleaver (level 12, -1/106 HPs)
             Began as a Minotaur Fighter on July 5, 2023.
             Was the Champion of Zin.
             Slain by Urug
             ... wielding a +2 halberd of freezing
              (28 damage)
             ... on level 1 of the Lair of Beasts.
             The game lasted 00:33:18 (10980 turns).

Destapler the Cleaver (Minotaur Fighter)           Turns: 10980, Time: 00:33:18

Health: -1/106     AC: 16    Str: 32    XL:     12   Next: 0%
Magic:  15/17      EV:  8    Int:  7    God:    Zin [******]
Gold:   117        SH: 16    Dex: 14    Spells: 11/11 levels left

rFire   + . .        a - +1 broad axe (freeze)
rCold   + . .        p - +0 kite shield
rNeg    . . .        l - -2 gold dragon scales
rPois   ∞            R - +0 hat {Stlth+}
rElec   .            B - +0 cloak {rCorr}
rCorr   +            (no gloves)
SInv    .            (no boots)
Will    .....        q - amulet of reflection Stlth
                     H - +6 ring of strength
HPRegen 0.37/turn    z - ring of resist corrosion
MPRegen 0.15/turn

%: reflection
@: vitalised, on recite cooldown
A: horns 2, retaliatory headbutt
a: Renounce Religion, Recite, Vitalisation, Imprison, Sanctuary, Donate Gold


You were on level 1 of the Lair of Beasts.
You worshipped Zin.
Zin was exalted by your worship.
You visited 2 branches of the dungeon, and saw 11 of its levels.

You collected 1471 gold pieces.
You spent 1144 gold pieces at shops.
You donated 210 gold pieces to Zin.

Inventory:

Hand Weapons
 a - a +1 broad axe of freezing (weapon)
 g - a +1 heavy war axe
 M - a +1 scimitar of flaming
Missiles
 v - 3 boomerangs
 F - 34 poisoned darts (quivered)
 Q - 2 large rocks
Armour
 l - -2 gold dragon scales (worn)
 p - a +0 kite shield (worn)
 B - a +0 cloak of preservation (worn)
 R - a +0 hat of stealth (worn)
Jewellery
 q - an amulet of reflection (around neck)
 u - a ring of protection from cold
 z - a ring of resist corrosion (right hand)
 C - an amulet of regeneration
 H - a +6 ring of strength (left hand)
Wands
 b - a wand of roots (11)
 s - a wand of digging (18)
 N - a wand of charming (6)
Scrolls
 c - a scroll of noise {unknown}
 e - 10 scrolls of identify {unknown}
 f - 4 scrolls of fog {unknown}
 i - 3 scrolls of enchant weapon {unknown}
 k - a scroll of amnesia {unknown}
 o - a scroll of poison {unknown}
 x - 4 scrolls of enchant armour {unknown}
 y - 3 scrolls of blinking {unknown}
 D - 4 scrolls of teleportation {unknown}
 E - a scroll of brand weapon {unknown}
 G - a scroll of fear {unknown}
 I - a scroll of torment {unknown}
 J - a scroll of summoning {unknown}
 L - 2 scrolls of magic mapping {unknown}
Potions
 d - 5 potions of might
 h - 2 potions of ambrosia {unknown}
 j - 3 potions of lignification {unknown}
 m - 3 potions of attraction {unknown}
 n - a potion of invisibility {unknown}
 r - 3 potions of flight {unknown}
 t - 3 potions of brilliance {unknown}
 w - 3 potions of curing
 A - 3 potions of cancellation {unknown}
 K - 2 potions of berserk rage
 O - 2 potions of haste {unknown}
 P - 5 potions of heal wounds


   Skills:
 + Level 9.7 Fighting
 + Level 11.0 Axes
 + Level 8.7 Armour
 + Level 7.6 Dodging
 + Level 8.5 Shields
 + Level 8.2 Invocations
 + Level 6.4 Evocations


You had 11 spell levels left.
You didn't know any spells.
Your spell library contained the following spells:

 Spells                   Type           Power      Damage    Failure   Level
 Sandblast                Erth           0%         2d4       100%        1
 Slow                     Hex            0%         N/A       100%        1
 Blink                    Tloc           0%         N/A       100%        2
 Ensorcelled Hibernation  Hex/Ice        0%         N/A       100%        2
 Lesser Beckoning         Tloc           0%         N/A       100%        2
 Momentum Strike          Conj/Tloc      0%         3d8       100%        2
 Passwall                 Tmut/Erth      0%         N/A       100%        2
 Poisonous Vapours        Pois/Air       0%         N/A       100%        2
 Confusing Touch          Hex            0%         N/A       100%        3
 Ignite Poison            Fire/Tmut/Pois 0%         N/A       100%        3
 Inner Flame              Hex/Fire       0%         N/A       100%        3
 Mephitic Cloud           Conj/Pois/Air  0%         N/A       100%        3
 Spider Form              Tmut/Pois      0%         N/A       100%        3
 Stone Arrow              Conj/Erth      0%         3d7       100%        3
 Swiftness                Air            0%         N/A       100%        3
 Vampiric Draining        Necr           0%         2d6       100%        3
 Anguish                  Hex/Necr       0%         N/A       100%        4
 Flame Wave               Conj/Fire      0%         2d4       100%        4
 Manifold Assault         Tloc           0%         N/A       100%        4
 Sticky Flame             Conj/Fire      0%         2d3       100%        4
 Alistair's Intoxication  Tmut/Pois      0%         N/A       100%        5
 Borgnjor's Vile Clutch   Necr/Erth      0%         N/A       100%        5
 Freezing Cloud           Conj/Ice/Air   0%         6-21      100%        5
 Summon Forest            Summ/Tloc      0%         N/A       100%        5
 Eringya's Noxious Bog    Tmut/Pois      0%         N/A       100%        6
 Storm Form               Tmut/Air       0%         N/A       100%        7
 Summon Hydra             Summ           0%         N/A       100%        7
 Ignition                 Fire           0%         3d3       100%        8


Dungeon Overview and Level Annotations

Branches:
Dungeon (10/15)            Temple (0/1) D:5            Lair (1/5) D:10
    Orc: D:9-12

Altars:
Hepliaklqana
Nemelex Xobeh
Trog
Uskayaw
Wu Jian
Zin

Shops:
D:4 *   D:10 *

Annotations:
Lair:1 Urug


Innate Abilities, Weirdness & Mutations

You have a pair of horns on your head.
You reflexively headbutt those who attack you in melee.


Message History

Found a flail.
Urug the Orcish Ballista comes into view.
She is wielding a +2 halberd of freezing.
Urug shouts!
There is an open door here.
You see here a +0 flail.
Urug drinks a potion.
Urug goes berserk!
You closely miss Urug. Your headbutt misses Urug. You block Urug's attack.
Urug hits you with a +2 halberd of freezing.
Activating: Recite (0% risk of failure)
Press: ? - help, Dir - look around, f - activate You clear your throat and prepare to recite. "And Zin decreed that the people would be..."
Urug is limned with silver light.
Urug hits you with a +2 halberd of freezing.
Urug freezes you. You block Urug's attack.
You slash Urug! You freeze Urug.
Urug is lightly wounded. "...protected from blasphemy in all its forms, and..."
Urug hits you with a +2 halberd of freezing!!
Urug freezes you.
Zin grants you divine stamina. "...preserved in their piety for all the days to come."
You finish reciting Anathema 21:31.
You block Urug's attack.
Urug hits you with a +2 halberd of freezing!!
* * * LOW HITPOINT WARNING * * *
Urug freezes you!
* * * LOW HITPOINT WARNING * * *
Aiming: Imprison (1% risk of failure)
Press: ? - help, Dir - move target, f - Urug
Aim: Urug, wielding a +2 halberd of freezing, wearing a +0 scale mail and quivering javelins (lightly wounded, berserk, softly glowing)
You need more space to imprison Urug.
Unknown command.
You slice Urug!! You freeze Urug! You headbutt Urug.
Urug is heavily wounded.
You block Urug's attack.
You hit Urug but do no damage.
Urug is heavily wounded.
Urug hits you with a +2 halberd of freezing!!
You die...

........###
#.........####.......
........# ####.###.##
##...... ........#
#..#### #......
P..###### #.##
######' ...# #.# #.
.### ###'#### #####
.## #..)...# #..##
..#
#......#########....
.P#
#..@...+..........[.
.##
#...o...######..#....
## ##.......#
####.... # #......##
##.... # #......#
#..... # ##P+P###
##.... # ## ## ##.##
# ###


You could see Urug (berserk, corona).

Vanquished Creatures
  Gastronok (Lair:1)
  Erica (D:9)
  A two-headed ogre (D:9)
  Pikel (D:9)
  A cyclops (D:9)
  6 elephants (Lair:1)
  Psyche (D:8)
  2 cane toads (Lair:1)
  A rime drake (Lair:1)
  A troll (D:9)
  Sigmund (D:3)
  18 yaks
  2 wyverns
  2 steam dragons
  A basilisk (Lair:1)
  An acid dragon (D:8)
  4 water moccasins
  6 orc warriors
  3 ice beasts
  A sky beast (D:6)
  A black bear (D:8)
  5 ogres
  5 centaurs
  2 phantoms
  7 kobold brigands
  5 bullfrogs
  4 scorpions
  4 gnoll sergeants
  4 killer bees (D:9)
  5 howler monkeys
  3 jellies
  3 orc priests
  4 gnoll boudas
  Crazy Yiuf (D:4)
  5 hounds
  2 iguanas
  3 sleepcaps
  Natasha (twice) (D:3)
  8 orc wizards
  Ijyb (D:3)
  37 gnolls
  7 adders
  A shadow imp (D:7)
  2 white imps
  2 ufetubi
  A worm (D:5)
  2 dart slugs
  35 orcs
  6 endoplasms
  6 giant cockroaches
  7 goblins
  11 hobgoblins
  4 jackals
  51 kobolds
  6 quokkas
  6 ball pythons
  6 bats
  A rat (D:2)
320 creatures vanquished.

Notes
Turn   | Place    | Note
-------+----------+-------------------------------------------
     0 | D:1      | Destapler the Minotaur Fighter began the quest for the Orb.
     0 | D:1      | Reached XP level 1. HP: 19/19 MP: 0/0
   179 | D:1      | Found a faded altar of an unknown god.
   250 | D:1      | Prayed at the altar of an unknown god.
   250 | D:1      | Became a worshipper of Zin the Law-Giver
   250 | D:1      | Reached * piety under Zin
   373 | D:1      | Reached XP level 2. HP: 27/27 MP: 1/1
   507 | D:1      | Reached XP level 3. HP: 28/33 MP: 2/2
   667 | D:1      | Reached ** piety under Zin
   729 | D:2      | Reached skill level 1 in Dodging
   759 | D:2      | Reached skill level 3 in Axes
   759 | D:2      | Reached skill level 1 in Invocations
  1024 | D:2      | Reached XP level 4. HP: 37/40 MP: 3/3
  1539 | D:3      | Noticed Natasha
  1545 | D:3      | Killed Natasha
  1626 | D:3      | Found a bloodstained altar of Trog.
  1629 | D:3      | Found an ornate altar of the Wu Jian Council.
  1668 | D:3      | Noticed Natasha
  1674 | D:3      | Killed Natasha
  1675 | D:3      | Reached XP level 5. HP: 36/47 MP: 5/5
  1682 | D:3      | Donated 63 gold pieces to Zin
  1760 | D:3      | Noticed Sigmund
  1770 | D:3      | Killed Sigmund
  1771 | D:3      | Reached skill level 5 in Fighting
  1771 | D:3      | Reached skill level 4 in Axes
  1771 | D:3      | Reached XP level 6. HP: 35/56 MP: 4/6
  2124 | D:3      | Noticed Ijyb
  2133 | D:3      | Killed Ijyb
  2430 | D:4      | Reached skill level 5 in Axes
  2597 | D:4      | Reached *** piety under Zin
  2610 | D:4      | Reached **** piety under Zin
  2647 | D:4      | Reached skill level 1 in Evocations
  2647 | D:4      | Reached XP level 7. HP: 59/61 MP: 8/8
  3210 | D:4      | Found Mecvoppo's Lightly-Used Armoury.
  3274 | D:4      | Found a runed translucent door.
  3275 | D:4      | Noticed Crazy Yiuf
  3530 | D:4      | Reached skill level 6 in Axes
  3776 | D:4      | Killed Crazy Yiuf
  3977 | D:5      | Entered Level 5 of the Dungeon
  4062 | D:5      | Reached XP level 8. HP: 70/70 MP: 10/10
  4375 | D:5      | Reached skill level 7 in Axes
  4375 | D:5      | Reached skill level 5 in Invocations
  4469 | D:5      | Reached skill level 8 in Axes
  4633 | D:5      | Found a staircase to the Ecumenical Temple.
  4772 | D:5      | Found a hazy altar of Hepliaklqana.
  4904 | D:6      | You fall into a shaft and drop 1 floor!
  5023 | D:7      | Reached XP level 9. HP: 28/78 MP: 12/12
  5186 | D:6      | Reached ***** piety under Zin
  5331 | D:6      | Reached skill level 5 in Armour
  5331 | D:6      | Reached skill level 5 in Shields
  5703 | D:7      | Found a sparkling altar of Nemelex Xobeh.
  6244 | D:8      | Found a hide-covered altar of Uskayaw.
  6426 | D:8      | Noticed Psyche
  6431 | D:8      | Identified 2 scrolls of acquirement
  6431 | D:8      | Acquired 757 gold pieces
  6441 | D:8      | HP: 2/79 [yak (11)]
  6453 | D:8      | Reached skill level 9 in Axes
  6455 | D:8      | Killed Psyche
  6456 | D:8      | Reached skill level 5 in Dodging
  6559 | D:4      | Bought -2 gold dragon scales for 840 gold pieces
  6856 | D:8      | Reached XP level 10. HP: 86/86 MP: 13/13
  7478 | D:8      | HP: 4/88 [orc warrior/+1 heavy war axe (5)]
  7498 | D:8      | HP: 4/88 [orc warrior/+0 mace (6)]
  7521 | D:8      | HP: 1/88 [orc warrior/+0 mace (11)]
  8251 | D:9      | Noticed a two-headed ogre
  8255 | D:9      | Killed a two-headed ogre
  8256 | D:9      | Reached skill level 5 in Evocations
  8399 | D:9      | Noticed Erica
  8409 | D:9      | Killed Erica
  8833 | D:9      | Noticed a cyclops
  8853 | D:9      | Reached skill level 10 in Axes
  8853 | D:9      | Killed a cyclops
  8854 | D:9      | Reached XP level 11. HP: 66/95 MP: 15/15
  9281 | D:9      | Noticed Pikel
  9289 | D:9      | Killed Pikel
  9358 | D:10     | Entered Level 10 of the Dungeon
  9394 | D:10     | Reached ****** piety under Zin
  9627 | D:10     | Found Dasun's Assorted Antiques.
  9638 | D:10     | Bought a distressingly furry cloak for 304 gold pieces
  9638 | D:10     | Identified the +0 cloak of the Jumping Visions {Contam Harm
                  | rN+++ Int-5} (You bought it in a shop on level 10 of the
                  | Dungeon)
  9638 | D:10     | Donated 26 gold pieces to Zin
  9643 | D:10     | Acquired a +1 broad axe of freezing
  9849 | D:10     | Found a staircase to the Lair.
  9859 | D:10     | Identified the +4 morningstar of Checks and Balances
                  | {protect, Dex+3}
  9862 | Lair:1   | Entered Level 1 of the Lair of Beasts
  9888 | Lair:1   | Noticed Gastronok
  9922 | Lair:1   | Killed Gastronok
 10215 | Lair:1   | Identified the +3 chain mail "Noalysh" {Will+}
 10750 | Lair:1   | Reached skill level 11 in Axes
 10753 | Lair:1   | Reached XP level 12. HP: 78/106 MP: 17/17
 10971 | Lair:1   | Noticed Urug
 10980 | Lair:1   | Slain by Urug

Illustrated notes

Levels and vault maps discovered:
D:1:      tarquinn_simple_flora_water_f, layout_loops_cross,
          ebering_ecumenical_altar_box
D:2:      layout_basic
D:3:      layout_basic, grunt_temple_overflow_open, uniq_natasha, uniq_sigmund,
          uniq_ijyb
D:4:      minmay_goblin_kobold_castle, layout_gridville,
          minmay_misc_feat_secret_circle, minmay_shop_damaged,
          uniq_crazy_yiuf_cottage
D:5:      layout_basic, nzn_hepliaklqana_mist_gate, minmay_temple_entry_glass,
          kennysheep_pointless_box, hangedman_minor_gate_pass
D:6:      layout_cave_pools
D:7:      layout_rooms, mainiacjoe_overflow_surrounded_room
D:8:      kennysheep_seaside_town, layout_basic, eat_drink_and_be_merry_uskayaw,
          serial_co_window_serial, co_window_corner_a, co_window_corner_a,
          co_window_corner_a, co_window_corner_a, co_window_of_opportunity_a,
          co_window_of_opportunity_a, co_window_paths_a, co_window_paths_b,
          co_window_paths_a, co_window_paths_c, co_window_2corner,
          co_window_2corner, co_window_of_opportunity_b, co_window_paths_d,
          glass_columns_a, glass_columns_a, glass_columns_b, uniq_psyche
D:9:      layout_roguey, uniq_pikel, uniq_erica
D:10:     layout_cave_pods, grunt_lair_entry_orc_guard_hut, serial_shops,
          nicolae_shop_dealshenge
Lair:1:   layout_roguey, chequers_serial_rivers_micro_d,
          pdpol_lair_neglected_garden, uniq_gastronok, uniq_urug

Skill      XL: |  1  2  3  4  5  6  7  8  9 10 11 |
---------------+----------------------------------+-----
Shields        | 4 6 7 8 |  8.5
Dodging        | 1 2 3 5 6 7 |  7.6
Armour         | 4 6 7 8 |  8.7
Fighting       | 4 5 6 7 8 9 |  9.7
Axes           | 3 4 5 6 8 9 10 11 | 11.0
Invocations    | 1 2 3 4 5 6 7 8 |  8.2
Evocations     | 1 2 3 4 5 6 |  6.4

Action                     |  1- 3 |  4- 6 |  7- 9 | 10-12 || total
---------------------------+-------+-------+-------+-------++-------
  Melee: War axe           |    72 |   111 |   293 |   175 ||   651
         Headbutt          |     6 |    18 |    60 |    69 ||   153
         Broad axe         |       |       |       |   111 ||   111
  Throw: Dart              |       |       |       |     2 ||     2
 Invoke: Recite            |     1 |     3 |     6 |     5 ||    15
         Vitalisation      |       |     1 |     1 |     3 ||     5
         Donate Gold       |       |     1 |       |     1 ||     2
    Use: Potion            |       |       |     8 |     2 ||    10
         Scroll            |       |       |     2 |     1 ||     3
   Stab: Confused          |       |     1 |       |     1 ||     2
         Invisible         |       |       |     1 |     1 ||     2
         Paralysed         |       |       |       |     1 ||     1
 Armour: Scale mail        |    42 |     4 |       |       ||    46
         Chain mail        |       |    55 |   151 |       ||   206
         Gold dragon scale |       |       |     2 |   138 ||   140
  Dodge: Dodged            |    31 |    56 |   162 |    72 ||   321
  Block: Buckler           |    18 |    19 |    68 |       ||   105
         Kite shield       |       |       |     2 |   272 ||   274
         Reflection        |       |       |       |    11 ||    11
